 Dungeon Crawl Stone Soup version 0.18-a0-801-gb01a236 (webtiles) character file.

32 cluie the Gusty (level 3, 21/24 HPs)
             Began as a Demonspawn Air Elementalist on Dec 14, 2015.
             Quit the game on level 1 of the Dungeon.
             The game lasted 00:03:18 (1301 turns).

cluie the Gusty (Demonspawn Air Elementalist)       Turns: 1301, Time: 00:03:18

Health: 21/24      AC:  2    Str:  8    XL:     3   Next: 8%
Magic:  5/6        EV: 12    Int: 17    God:
Gold:   31         SH:  0    Dex: 13    Spells: 1 memorised, 5 levels left

rFire  . . .     SeeInvis .     h - +0 dagger
rCold  . . .     Clarity  .     a - +0 robe
rNeg   . . .     SustAt   .     (no shield)
rPois  .         Gourm    .     (no helmet)
rElec  .         Spirit   .     (no cloak)
rCorr  .         Dismiss  .     (no gloves)
rMut   .         Stasis   .     (no boots)
MR     .....                    (no amulet)
Stlth  ++........               (no ring)
                                k - +2 ring of slaying

@: not resistant to hostile enchantments, unstealthy
A: talons 1, powered by pain 1
a: no special abilities


You were on level 1 of the Dungeon.
You were not hungry.

You visited 1 branch of the dungeon, and saw 1 of its levels.

You collected 31 gold pieces.

Inventory:

Hand Weapons
 h - a +0 dagger (weapon)
Armour
 a - a +0 robe (worn)
Jewellery
 k - a +2 ring of slaying (left hand)
Scrolls
 d - 2 scrolls of random uselessness {unknown}
 e - 2 scrolls of amnesia {unknown}
 f - a scroll of magic mapping {unknown}
 m - 3 scrolls of identify {unknown}
 n - a scroll of remove curse {unknown}
Potions
 l - a potion of ambrosia {unknown}
Books
 b - a book of Air

   Spells                             Type                      Level
   a - Shock                          Conjuration/Air              1
   b - Swiftness                      Charms/Air                   2
   c - Repel Missiles                 Charms/Air                   2
   d - Static Discharge               Conjuration/Air              3
   e - Lightning Bolt                 Conjuration/Air              5
Comestibles
 c - a bread ration
 g - 8 chunks of flesh
 i - a meat ration
 j - a beef jerky


   Skills:
 + Level 2.1 Dodging
 - Level 1.7 Stealth
 + Level 2.2 Spellcasting
 * Level 2.4 Conjurations
 + Level 2.8 Air Magic


You had 5 spell levels left.
You knew the following spells:

 Your Spells              Type           Power        Failure   Level  Hunger
a - Shock                 Conj/Air       ##..         10%         1    #......


Dungeon Overview and Level Annotations

Branches:
Dungeon (1/15)

Altars:
The Shining One

Portals:
Abyss: D:1***


Innate Abilities, Weirdness & Mutations

You have sharp toenails.
You sometimes gain a little power by taking damage.


Message History

A jackal comes into view.
There is an escape hatch in the floor here.
The jackal bites you. The jackal completely misses you. The jackal bites you.
There is an escape hatch in the floor here.
The jackal barks!
The jackal bites you.
Casting: Shock
Confirm with . or Enter, or press ? or * to list all spells.
Aiming: Shock
Press: ? - help, Shift-Dir - straight line, f - jackal
Aim: a jackal The zap hits the jackal.
You kill the jackal!
The zap hits the jackal.
The jackal is almost dead.
The zap hits the jackal.
The jackal is moderately wounded.
The jackal barely misses you.
Enter note: maybe not ash actually...
Are you sure you want to abandon this character and quit the game? (Confirm with "yes".)

..#...... #......#...#.....#...#
.......#..........#.∩.#.....#.∩.#
..................#...#.....#...#
.........##.......#####.....#####
.......# ........................
.........##.####.................
.......# #.. #.........<.......
........ ..#.###.................
.......# #......@................
..####.# #####.#h######.....#####
...# #.# #.#h##...#.....#...#
...# #.### #..>.#.∩.#.....#.∩.#
...###...#######..#.$.#.....#...#
...##.............#####.....#####
.............###......#....######
...##.....>.####........#..# ##
...##......................# #.


You could see 2 jackals.

Vanquished Creatures
  2 giant geckos (D:1)
  5 bats (D:1)
  2 giant cockroaches (D:1)
  2 hobgoblins (D:1)
  4 jackals (D:1)
  A kobold (D:1)
  4 goblins (D:1)
  11 rats (D:1)
31 creatures vanquished.

Notes
Turn   | Place    | Note
--------------------------------------------------------------
     0 | D:1      | cluie the Demonspawn Air Elementalist began the quest for the Orb.
     0 | D:1      | Reached XP level 1. HP: 13/13 MP: 3/3
     6 | D:1      | secret tech?
     6 | D:1      | maybe go lucy?
   657 | D:1      | Gained mutation: You have sharp toenails. [demonic ancestry]
   657 | D:1      | Reached XP level 2. HP: 19/19 MP: 0/5
  1209 | D:1      | Found a glowing golden altar of the Shining One.
  1243 | D:1      | Gained mutation: You sometimes gain a little power by taking damage. [demonic ancestry]
  1243 | D:1      | Reached XP level 3. HP: 24/24 MP: 4/6
  1248 | D:1      | powered by pain ds going ash
  1248 | D:1      | -bdsm joke-
  1301 | D:1      | maybe not ash actually...
  1301 | D:1      | Quit the game

Vault maps used:
D:1:      minmay_arrival_glassed_features, minmay_misc_feat_room, tso_altar

Action                   || total
-------------------------++-------
Melee: Unarmed           ||    73
       Dagger            ||     7
 Cast: Shock             ||    26
 Stab: Sleeping          ||     1
  Eat: Chunk             ||     2
